 Dungeon Crawl Stone Soup version 0.26-b1-32-g5d43845318 (webtiles) character file.

Game seed: 14564560769806708774

718 Borgoz the Cudgeller (level 7, -3/44 HPs)
             Began as a Gargoyle Gladiator on Jan 10, 2021.
             Slain by an ogre
             ... wielding a +0 giant spiked club
              (5 damage)
             ... on level 5 of the Dungeon.
             The game lasted 00:06:08 (4794 turns).

Borgoz the Cudgeller (Gargoyle Gladiator)           Turns: 4794, Time: 00:06:09

Health: -3/44      AC: 10    Str: 17    XL:     7   Next: 70%
Magic:  0/7        EV: 15    Int:  9    God:
Gold:   128        SH:  0    Dex: 19    Spells: 6/6 levels left

rFire    . . .     SeeInvis .   a - +0 flail
rCold    . . .     Faith    .   (no shield)
rNeg     + . .     Spirit   +   b - +0 leather armour
rPois    ∞         Reflect  .   c - +0 helmet
rElec    +         Harm     .   (no cloak)
rCorr    .         Rampage  .   k - +0 pair of gloves (curse)
Will     .....                  p - +0 pair of boots
Stlth    ..........             x - amulet of guardian spirit
HPRegen  0.14/turn              y - +6 ring of dexterity
MPRegen  0.10/turn              n - ring of attention (curse)

@: no status effects
A: negative energy resistance 1, electricity resistance, unbreathing,
petrification resistance, miasma immunity, AC +4
a: no special abilities


You were on level 5 of the Dungeon.
You visited 1 branch of the dungeon, and saw 5 of its levels.

You collected 128 gold pieces.

Inventory:

Hand Weapons
 a - a +0 flail (weapon)
Missiles
 d - 2 throwing nets (quivered)
Armour
 b - a +0 leather armour (worn)
 c - a +0 helmet (worn)
 k - a cursed +0 pair of gloves (worn)
 p - a +0 pair of boots (worn)
Jewellery
 h - an uncursed ring of see invisible
 n - a cursed ring of attention (right hand)
 x - an amulet of guardian spirit (around neck)
 y - a +6 ring of dexterity (left hand)
Wands
 u - a wand of flame (12)
Scrolls
 e - 4 scrolls of teleportation
 g - 2 scrolls of remove curse {unknown}
 i - a scroll of immolation {unknown}
 m - a scroll of identify
 o - a scroll of amnesia {unknown}
 r - 2 scrolls of enchant armour {unknown}
 s - a scroll of magic mapping {unknown}
 t - a scroll of blinking {unknown}
Potions
 f - 3 potions of flight
 j - 5 potions of curing
 l - a potion of heal wounds
 q - a potion of cancellation
 v - a potion of lignification
 w - a potion of might


   Skills:
 + Level 4.4 Fighting
 * Level 6.0 Maces & Flails
 - Level 1.7 Throwing
 * Level 5.0 Dodging


You had 6 spell levels left.
You didn't know any spells.
Your spell library was empty.

Dungeon Overview and Level Annotations

Branches:
Dungeon (5/15)             Temple (0/1) D:4

Altars:
Elyvilon
Fedhas
Gozag
Hepliaklqana
Kikubaaqudgha
Ru
Xom

Shops:
D:2 *   D:5 :

Annotations:
D:5 2 transporters, rnawigator's ghost, novice DrIE


Innate Abilities, Weirdness & Mutations

You are resistant to torment.
Your stone body is resilient. (AC +4)
You are immune to poison.
You resist negative energy. (rN+)
You are resistant to electric shocks. (rElec)
You can survive without breathing.
You are immune to petrification.
You are immune to miasma.


Message History

The adder skeleton bites you.
The adder skeleton bites you but does no damage.
The ogre hits you with a +0 giant spiked club.
You hit the ogre.
The ogre is moderately wounded.
The adder skeleton closely misses you.
You hit the ogre.
The ogre is heavily wounded.
The ogre misses you. The adder skeleton closely misses you.
You hit the ogre.
The ogre is severely wounded.
The adder skeleton barely misses you.
The ogre hits you with a +0 giant spiked club!!
Ouch! That really hurt!
* * * LOW HITPOINT WARNING * * *
You barely miss the ogre.
The ogre is severely wounded.
The adder skeleton misses you.
The ogre hits you with a +0 giant spiked club.
You die...

.
♣♣.......♣♣♣........#.#.##.....
♣♣.....♣♣ ♣♣...........#8.h...
♣♣♣.♣♣♣ ♣♣..........#...... ♣♣♣
#.####.....#......
#<####....©#O...©.
######....##..#.h....
...##<##..##.#.W....
#.#O.###.##.#8.....
##.@.####.##.##.BOW.
#...Z.........######
#............##.......
..................).....
....#...........##.##...
................ #.##.#.
............###.##>##...
........###.$ #.>..####.
....#... ...###..# #.


You could see an ogre and an adder skeleton.

Vanquished Creatures
  An ice beast (D:5)
  2 ogres
  A big kobold (D:4)
  A scorpion (D:4)
  4 orc priests (D:4)
  3 worker ants (D:4)
  Robin (D:2)
  3 adders
  A howler monkey skeleton (D:4)
  2 worms
  A dart slug (D:1)
  2 leopard geckos
  6 orcs (D:4)
  8 giant cockroaches (D:3)
  13 goblins
  8 hobgoblins
  4 jackals (D:3)
  3 quokkas
  2 ball pythons (D:4)
  6 bats
  5 frilled lizards
  13 kobolds
  A quokka skeleton (D:4)
  8 rats
99 creatures vanquished.

Notes
Turn   | Place    | Note
-------+----------+-------------------------------------------
     0 | D:1      | Borgoz the Gargoyle Gladiator began the quest for the Orb.
     0 | D:1      | Reached XP level 1. HP: 12/12 MP: 1/1
   129 | D:1      | Reached XP level 2. HP: 16/18 MP: 2/2
   321 | D:1      | You fall into a shaft and drop 1 floor!
   354 | D:2      | Found Gozag's Platinum Reserve.
   365 | D:2      | Found an opulent altar of Gozag.
   809 | D:1      | Reached XP level 3. HP: 21/22 MP: 3/3
  1286 | D:2      | Found a sacrificial altar of Ru.
  1474 | D:2      | Noticed an ogre
  1475 | D:2      | Noticed Robin
  1500 | D:2      | Killed an ogre
  1501 | D:2      | Reached skill level 4 in Maces & Flails
  1501 | D:2      | Reached XP level 4. HP: 18/28 MP: 4/4
  1501 | D:2      | Reached XP level 5. HP: 21/32 MP: 5/5
  1526 | D:2      | Killed Robin
  1705 | D:2      | Found an ancient bone altar of Kikubaaqudgha.
  3086 | D:2      | Found a shimmering altar of Xom.
  3086 | D:2      | Found a blossoming altar of Fedhas.
  3214 | D:4      | Reached XP level 6. HP: 17/37 MP: 6/6
  3571 | D:4      | Reached skill level 5 in Maces & Flails
  4113 | D:4      | Found a staircase to the Ecumenical Temple.
  4120 | D:4      | Reached XP level 7. HP: 32/42 MP: 4/7
  4296 | D:4      | Found a hazy altar of Hepliaklqana.
  4580 | D:5      | Entered Level 5 of the Dungeon
  4580 | D:5      | Found a transporter.
  4583 | D:5      | Noticed rnawigator's ghost (novice DrIE)
  4612 | D:5      | Found a transporter.
  4662 | D:5      | Found Welameuf's Book Boutique.
  4739 | D:5      | Reached skill level 6 in Maces & Flails
  4739 | D:5      | Reached skill level 5 in Dodging
  4761 | D:5      | Found a white marble altar of Elyvilon.
  4793 | D:5      | HP: 2/44 [ogre/+0 giant spiked club (22)]
  4794 | D:5      | Slain by an ogre

Illustrated notes

Levels and vault maps discovered:
D:1:      beargit_arrival_greenhouse, layout_rooms, minivault_23,
          minmay_misc_feat_rugged
D:2:      layout_loops_corners, lemuel_coloured_pillars_altar,
          nicolae_gozag_zags_fifth_avenue, nicolae_overflow_hidden_temple,
          nicolae_ru_path_of_blood, uniq_robin
D:3:      minmay_roachtagon, layout_basic, amcnicky_mini_corridor_feature
D:4:      cheibrodos_thug_alley, layout_loops_ring, nzn_hepliaklqana_mist_gate,
          minmay_temple_entry_ruins
D:5:      corexii_shack_village, layout_rooms, elyvilon_altar_3, minitemple,
          gammafunk_ghost_arena, nicolae_ossuary_entry_giza, serial_shops,
          kennysheep_mini

Skill      XL: |  1  2  3  4  5  6  7 |
---------------+----------------------+-----
Fighting       | 3 4 |  4.4
Maces & Flails | 4 5 6 |  6.0
Dodging        | 3 4 5 |  5.0
Throwing       | |  1.7

Action                   |  1- 3 |  4- 6 |  7- 9 || total
-------------------------+-------+-------+-------++-------
Melee: Flail             |   122 |   222 |    64 ||   408
Throw: Throwing net      |       |     1 |     2 ||     3
  Use: Scroll            |       |       |     5 ||     5
       Potion            |       |       |     3 ||     3
 Stab: Held in net/web   |       |     1 |       ||     1
Armor: Leather armour    |    51 |    94 |    20 ||   165
Dodge: Dodged            |    85 |   152 |    45 ||   282
